 Dungeon Crawl Stone Soup version 0.28-a0-1033-g1a2f33fa85 (webtiles) character file.

Game seed: 3018816650425643066

202 Strat the Chopper (level 5, -4/54 HPs)
             Began as an Ogre Chaos Knight on Dec 7, 2021.
             Was a Plaything of Xom.
             Slain by Blork the orc (11 damage)
             ... on level 4 of the Dungeon.
             The game lasted 00:04:18 (2599 turns).

Strat the Chopper (Ogre Chaos Knight)               Turns: 2599, Time: 00:04:19

Health: -4/54      AC:  5    Str: 18    XL:     5   Next: 80%
Magic:  5/5        EV: 10    Int: 13    God:    Xom [.....*]
Gold:   131        SH:  0    Dex:  8    Spells: 4/4 levels left

rFire   . . .      SeeInvis .   b - +0 war axe
rCold   . . .      Faith    .   (no shield)
rNeg    + . .      Spirit   .   i - +2 robe
rPois   .          Reflect  .   (helmet restricted)
rElec   .          Harm     .   (no cloak)
rCorr   .          Rampage  .   (gloves unavailable)
Will    .....      Clarity  +   (boots unavailable)
Stlth   +.........              (no amulet)
HPRegen 0.98/turn               m - ring of positive energy
MPRegen 0.09/turn               (no ring)

@: no status effects
A: large, unfitting armour, tough skin 1, clarity, regeneration 1
a: Renounce Religion


You were on level 4 of the Dungeon.
You worshipped Xom.
You were Xom's teddy bear.
You visited 1 branch of the dungeon, and saw 4 of its levels.

You collected 131 gold pieces.

Inventory:

Hand Weapons
 a - a +0 hand axe of chaos
 b - a +0 war axe (weapon)
Missiles
 d - 14 stones (quivered)
 g - a throwing net
 h - 9 poisoned darts
Armour
 i - a +2 robe (worn)
Jewellery
 f - an amulet of faith
 m - a ring of positive energy (left hand)
Scrolls
 c - a scroll of fear
 j - a scroll of teleportation
 n - a scroll of brand weapon {unknown}
Potions
 e - a potion of lignification
 k - a potion of flight {unknown}
 l - 2 potions of mutation {unknown}


   Skills:
 - Level 4.3 Fighting
 + Level 6.0 Axes
 - Level 2.3 Dodging


You had 4 spell levels left.
You didn't know any spells.
Your spell library contained the following spells:

 Spells                   Type           Power      Damage    Failure   Level
 Summon Ice Beast         Ice/Summ       0%         N/A       97%         4
 Malign Gateway           Summ/Tloc      0%         N/A       100%        7
 Chain Lightning          Conj/Air       0%         N/A       100%        9
 Fire Storm               Conj/Fire      0%         5d1       100%        9
 Shatter                  Erth           0%         3d5*      100%        9


Dungeon Overview and Level Annotations

Branches:
Dungeon (4/15)
 Temple: D:4-7

Altars:
Dithmenos
Xom
Zin

Shops:
D:3 :

Annotations:
D:4 Blork the orc


Innate Abilities, Weirdness & Mutations

You are too large for most types of armour.
You have tough skin. (AC +1)
You possess an exceptional clarity of mind.
Your natural rate of healing is unusually fast.


Message History

There is an open door, spattered with blood here.
You see here a giant cockroach corpse.
n - a scroll labelled ODUUK JATZAPN You now have 131 gold pieces (gained 6).
You open the door.
Found a stone staircase leading down.
There is an open door here.
Blork the orc comes into view.
He is wielding a +0 glaive.
Blork the orc shouts!
Blork the orc hits you from afar with a +0 glaive!
Blork the orc hits you with a +0 glaive!
* * * LOW HITPOINT WARNING * * *
You are too injured to fight recklessly!
You are too injured to fight recklessly!
You are too injured to fight recklessly!
You barely miss Blork the orc.
Blork the orc hits you with a +0 glaive.
* * * LOW HITPOINT WARNING * * *
You hit Blork the orc.
Blork the orc is lightly wounded.
Blork the orc points at you and mumbles some strange words.
The puff of flame hits you.
* * * LOW HITPOINT WARNING * * *
You hit Blork the orc.
Blork the orc is moderately wounded.
Blork the orc hits you with a +0 glaive.
* * * LOW HITPOINT WARNING * * *
You slash Blork the orc!
Blork the orc is severely wounded.
Blork the orc hits you with a +0 glaive!!
* * * LOW HITPOINT WARNING * * *
Blork the orc misses you.
You closely miss Blork the orc.
Blork the orc is severely wounded.
Blork the orc points at you and mumbles some strange words.
The puff of flame misses you.
You completely miss Blork the orc.
Blork the orc is severely wounded.
Blork the orc hits you with a +0 glaive!
You die...

#.............
#......≈......
#.............
###.............
#.'...≈..≈..≈...
#.#.............
#.#.............
#########.#......≈......
#.....o@..#..........[..
#.........#.............
#.......>.#.............
#.........#######†######
########### #..........#
#...........
#..........#
######.....# #.....#


You could see Blork the orc.

Vanquished Creatures
  A hound (D:4)
  Natasha (D:3)
  3 gnolls (D:3)
  6 adders
  An ufetubus (D:3)
  2 worms
  3 dart slugs
  2 orcs (D:3)
  3 ball pythons
  3 endoplasms
  A giant cockroach (D:4)
  3 goblins
  5 hobgoblins
  2 quokkas
  4 bats
  2 frilled lizards
  2 kobolds
  6 rats
50 creatures vanquished.

Vanquished Creatures (collateral kills)
  An orc (D:3)
1 creature vanquished.

Grand Total: 51 creatures vanquished

Notes
Turn   | Place    | Note
-------+----------+-------------------------------------------
     0 | D:1      | Strat the Ogre Chaos Knight began the quest for the Orb.
     0 | D:1      | Reached XP level 1. HP: 24/24 MP: 1/1
   308 | D:1      | XOM: silly message
   356 | D:1      | Reached XP level 2. HP: 32/32 MP: 2/2
   675 | D:2      | XOM: divination: magic mapping
   701 | D:2      | Reached XP level 3. HP: 36/39 MP: 3/3
   864 | D:2      | Got the Handbook of Creation
   944 | D:2      | Reached skill level 4 in Axes
  1155 | D:2      | Found a faded altar of an unknown god.
  1283 | D:2      | XOM: silly message
  1306 | D:2      | Reached XP level 4. HP: 48/48 MP: 4/4
  1330 | D:3      | Found a glowing silver altar of Zin.
  1478 | D:2      | XOM: divination: detect items
  1495 | D:2      | XOM: scenery: create altars
  1518 | D:3      | Found a shadowy altar of Dithmenos.
  1613 | D:3      | Found Xauciete's Book Shoppe.
  1904 | D:3      | XOM: 2-stop teleportation journey
  1927 | D:3      | Reached skill level 5 in Axes
  2259 | D:3      | XOM: give mutations
  2259 | D:3      | Gained mutation: You possess an exceptional clarity of
                  | mind. [Xom's grace]
  2259 | D:3      | Gained mutation: Your natural rate of healing is unusually
                  | fast. [Xom's grace]
  2274 | D:3      | XOM: divination: detect creatures
  2297 | D:3      | Reached XP level 5. HP: 42/54 MP: 5/5
  2343 | D:3      | Noticed Natasha
  2350 | D:3      | Killed Natasha
  2572 | D:4      | Reached skill level 6 in Axes
  2591 | D:4      | Noticed Blork the orc
  2599 | D:4      | Slain by Blork the orc

Illustrated notes

Levels and vault maps discovered:
D:1:      amcnicky_arrival_single_pillar, layout_rooms, corexii_hall_statues_l
D:2:      layout_basic, hellmonk_ecumenical_altar_blasted, minmay_pentomino_p2
D:3:      layout_loops_corners, overflow_temple_1_default,
          nicolae_dithmenos_the_darkroom, serial_shops, shop, fountainhead,
          uniq_natasha
D:4:      layout_basic, pdpol_wu_jian_five_deadly_venoms,
          kennysheep_generic_room_2, uniq_robin, uniq_blork_the_orc,
          uniq_crazy_yiuf_cottage

Skill      XL: |  1  2  3  4  5 |
---------------+----------------+-----
Axes           | 4 5 6 |  6.0
Fighting       | |  4.3
Dodging        | |  2.3

Action                   |  1- 3 |  4- 6 || total
-------------------------+-------+-------++-------
Melee: Hand axe          |    65 |     4 ||    69
       War axe           |       |    55 ||    55
Throw: Stone             |       |     4 ||     4
  Use: Scroll            |       |     9 ||     9
       Potion            |       |     1 ||     1
Armor: Robe              |    22 |    18 ||    40
Dodge: Dodged            |    27 |    35 ||    62

Table legend: (Time is in decaauts)
 A = Elapsed time spent in this place.
 B = Non-inter-level travel time spent in this place.
 C = Inter-level travel time spent in this place.
 D = Time resting spent in this place.
 E = Time spent auto-exploring this place.
 F = Levels seen in this place.
 G = Mean time per level.
                   A        B        C        D        E       F      G
               +--------+--------+--------+--------+--------+-----+--------+
         Total |   2623 |   2558 |     65 |    103 |   1929 |   4 |  655.8 |
       Dungeon |   2623 |   2558 |     65 |    103 |   1929 |   4 |  655.8 |
               +--------+--------+--------+--------+--------+-----+--------+

Top non-repeatable levels by time:
     D:3: 1062 daAuts
     D:2: 785 daAuts
     D:1: 676 daAuts
     D:4: 99 daAuts
